AoeStats
← Der Sprudel

Arena

507114586Analyzed
4v4 RM · 15d ago on Sep 16, 2026· 80m 2s· 8 players
Game mode
Random Map
Map size
Large (8 player)
Population
200
Speed
Normal
Resources
Standard
Victory
Conquest
Starting age
Dark Age
Ending age
Imperial Age
RankedLock teamsTeams togetherTeam positionsShared explorationLock speedFull tech treeHidden civsTurbo modeCheats
Victory
Defeat
🇷🇺 Slavs · Russia
1301
+13
🇩🇪 Japanese · Germany
1255
+14
🇻🇳 Vikings · Vietnam
1252
+14
🇩🇪 Cumans · Germany
1241
+15
🇩🇪 Persians · Germany
1404
-21
🇩🇪 Slavs · Germany
1244
-15
🇩🇪 Spanish · Germany
1173
-12
🇩🇪 Bohemians · Germany
1060
-8
Nils
9:10 Feudal Age
7:29 Loom
9:56 Double-Bit Axe
9:52 Horse Collar
16:12 Wheelbarrow
21:18 Castle Age
19:17 Town Watch
19:42 Scale Barding Armor
20:18 Bloodlines
20:22 Forging
22:30 Bow Saw
22:21 Heavy Plow
22:46 Chain Barding Armor
25:29 Hand Cart
25:56 Capped Ram
29:05 Gold Mining
31:42 Stone Mining
32:12 Light Cavalry
36:42 Imperial Age
36:54 Elite Steppe Lancer
39:10 Plate Barding Armor
39:38 Chemistry
39:28 Conscription
41:14 Two-Man Saw
40:42 Fletching
41:14 Ballistics
41:28 Masonry
41:33 Elite Skirmisher
42:48 Town Patrol
43:12 Steppe Husbandry
44:12 Iron Casting
45:25 Crop Rotation
46:29 Coinage
46:39 Gold Shaft Mining
45:27 Hussar
47:08 Bodkin Arrow
47:14 Padded Archer Armor
49:04 Blast Furnace
48:22 Leather Archer Armor
48:06 Murder Holes
48:24 Siege Ram
60:49 Ring Archer Armor
68:00 Pikeman
69:29 Hoardings
69:03 Squires
68:50 Arson
69:06 Scale Mail Armor
69:23 Halberdier
73:00 Banking
Bölkstoffschnorchler
5:04 Loom
11:17 Feudal Age
12:56 Horse Collar
15:23 Castle Age
19:47 Wheelbarrow
23:41 Imperial Age
21:47 Double-Bit Axe
22:07 Fletching
23:56 Bow Saw
23:47 Heavy Plow
24:42 Block Printing
24:51 Scale Mail Armor
25:31 Bodkin Arrow
26:39 Chain Mail Armor
28:35 Forging
28:54 Redemption
30:59 Sanctity
30:41 Atonement
30:52 Fervor
31:08 Illumination
34:28 Theocracy
34:29 Hand Cart
34:00 Town Watch
38:31 Squires
43:08 Pikeman
43:34 Arson
43:35 Gambesons
43:11 Man-at-Arms
44:24 Plate Mail Armor
44:30 Iron Casting
43:55 Bracer
44:18 Ballistics
44:59 Chemistry
45:13 Conscription
45:33 Hoardings
45:17 Halberdier
45:18 Long Swordsman
47:17 Two-Handed Swordsman
47:17 Two-Handed Swordsman
47:57 Elite Samurai
48:19 Champion
50:15 Blast Furnace
49:40 Masonry
49:17 Arrowslits
49:26 Guard Tower
53:38 Kataparuto
55:27 Two-Man Saw
56:46 Keep
61:29 Coinage
61:00 Caravan
63:20 Banking
70:20 Gold Mining
70:20 Stone Mining
71:20 Yasama
ChepinChipjoe
7:00 Loom
11:29 Feudal Age
15:40 Castle Age
13:37 Horse Collar
13:38 Man-at-Arms
15:09 Double-Bit Axe
15:57 Fletching
18:38 Bodkin Arrow
18:06 Crossbowman
19:28 Padded Archer Armor
23:21 Bodkin Arrow
24:48 Ballistics
25:33 Leather Archer Armor
27:03 Gold Mining
28:33 Bow Saw
29:20 Heavy Plow
34:26 Imperial Age
33:01 Gold Shaft Mining
32:22 Pikeman
33:04 Scale Mail Armor
33:15 Forging
33:08 Squires
34:31 Chain Mail Armor
35:07 Bracer
34:28 Arbalester
36:10 Chemistry
35:12 Bogsveigar
36:20 Ring Archer Armor
36:06 Chain Mail Armor
36:07 Arbalester
37:33 Long Swordsman
40:02 Plate Mail Armor
41:49 Iron Casting
43:11 Chieftains
45:07 Blast Furnace
46:50 Elite Skirmisher
48:39 Conscription
54:48 Two-Handed Swordsman
55:17 Gambesons
55:42 Champion
sybertuk
11:09 Feudal Age
15:02 Castle Age
13:51 Double-Bit Axe
13:46 Horse Collar
16:07 Loom
22:16 Gold Mining
23:28 Bow Saw
23:45 Town Watch
24:23 Stone Mining
26:32 Bloodlines
29:05 Imperial Age
26:52 Heavy Plow
27:16 Bloodlines
27:30 Scale Barding Armor
28:23 Wheelbarrow
27:32 Pikeman
28:25 Forging
28:56 Chain Barding Armor
28:45 Husbandry
28:59 Squires
29:10 Cavalier
30:46 Plate Barding Armor
30:40 Conscription
31:48 Iron Casting
31:12 Halberdier
31:54 Scale Mail Armor
32:12 Capped Ram
33:32 Siege Ram
35:55 Blast Furnace
35:16 Chain Mail Armor
35:56 Masonry
36:07 Ballistics
37:39 Murder Holes
38:49 Plate Mail Armor
39:05 Detinets
38:48 Light Cavalry
39:35 Fletching
40:47 Chemistry
40:56 Hussar
46:15 Gold Shaft Mining
50:20 Two-Man Saw
50:00 Crop Rotation
49:45 Bodkin Arrow
49:51 Padded Archer Armor
50:29 Hand Cart
50:15 Town Patrol
51:19 Fortified Wall
51:36 Ballistics
52:28 Leather Archer Armor
51:49 Elite Skirmisher
52:40 Siege Engineers
55:52 Druzhina
56:53 Ring Archer Armor
Der Sprudel
10:06 Feudal Age
14:26 Castle Age
12:45 Double-Bit Axe
15:27 Bow Saw
15:30 Horse Collar
17:22 Heavy Plow
23:28 Wheelbarrow
25:12 Hand Cart
24:43 Town Watch
25:35 Gold Mining
28:58 Imperial Age
26:39 Scale Barding Armor
26:41 Husbandry
28:20 Chain Barding Armor
28:40 Bloodlines
29:10 Gold Shaft Mining
28:31 Stone Mining
29:31 Forging
29:19 Cavalier
31:20 Plate Barding Armor
30:08 Pikeman
30:49 Squires
33:30 Scale Mail Armor
34:06 Iron Casting
35:48 Two-Man Saw
36:05 Halberdier
37:52 Chain Mail Armor
38:50 Conscription
38:31 Druzhina
37:58 Man-at-Arms
38:28 Loom
39:56 Plate Mail Armor
40:27 Blast Furnace
39:42 Long Swordsman
41:34 Siege Engineers
41:41 Fortified Wall
41:44 Long Swordsman
42:21 Fletching
42:07 Capped Ram
43:34 Hoardings
43:06 Detinets
43:07 Murder Holes
43:23 Masonry
43:33 Ballistics
44:14 Chemistry
42:53 Two-Handed Swordsman
43:03 Two-Handed Swordsman
43:45 Siege Ram
44:14 Champion
48:08 Crop Rotation
52:07 Elite Boyar
57:26 Bodkin Arrow
KIV.Victus_V2
10:19 Feudal Age
13:52 Castle Age
11:50 Double-Bit Axe
16:43 Bow Saw
16:26 Loom
20:51 Wheelbarrow
27:34 Imperial Age
25:03 Horse Collar
25:30 Scale Barding Armor
26:07 Forging
27:02 Chain Barding Armor
26:37 Gold Mining
27:41 Hand Cart
27:12 Town Watch
27:57 Masonry
27:24 Cavalier
28:14 Bloodlines
28:05 Husbandry
28:51 Plate Barding Armor
29:22 Conscription
30:32 Iron Casting
30:10 Savar
32:35 Blast Furnace
33:44 Light Cavalry
34:36 Padded Archer Armor
35:39 Chemistry
36:19 Gold Shaft Mining
36:01 Heavy Plow
37:06 Two-Man Saw
38:41 Crop Rotation
38:15 Town Patrol
38:48 Architecture
40:20 Hoardings
40:40 Leather Archer Armor
40:07 Hussar
42:46 Ring Archer Armor
44:22 Fletching
49:00 Herbal Medicine
64:49 Guard Tower
64:55 Bodkin Arrow
65:23 Ballistics
luis13Lord
8:36 Loom
11:33 Feudal Age
12:16 Double-Bit Axe
15:01 Castle Age
12:42 Horse Collar
17:41 Bow Saw
23:13 Heavy Plow
27:55 Wheelbarrow
27:09 Loom
28:22 Gold Mining
32:01 Imperial Age
29:49 Hand Cart
30:03 Fortified Wall
32:01 Padded Archer Armor
31:52 Fletching
33:10 Bodkin Arrow
33:31 Leather Archer Armor
34:30 Two-Man Saw
35:09 Chemistry
34:37 Ballistics
33:47 Elite Skirmisher
34:35 Bracer
34:45 Thumb Ring
36:44 Ring Archer Armor
36:16 Murder Holes
38:17 Stone Mining
39:35 Conscription
42:15 Pikeman
42:56 Squires
42:44 Arson
43:54 Halberdier
45:16 Scale Mail Armor
45:27 Forging
49:56 Chain Mail Armor
50:17 Iron Casting
51:13 Plate Mail Armor
55:43 Blast Furnace
xxxDonPabloxxx
10:44 Feudal Age
14:01 Double-Bit Axe
13:59 Horse Collar
16:49 Castle Age
18:23 Pikeman
22:40 Loom
23:21 Bow Saw
23:55 Scale Mail Armor
24:27 Heavy Plow
26:55 Crossbowman
27:29 Fletching
27:40 Padded Archer Armor
51:49 Squires
52:44 Chain Mail Armor
56:25 Forging
Connection lost

Rejoining the realm…

Still unreachable

The connection could not be restored.

Session expired

The server has moved on; the page needs a fresh start.